 Dungeon Crawl Stone Soup version 0.31.0-32-g396128a36d (webtiles) character file.

Game seed: 3658233980147926101

2 spaghetti the Caller (level 1, -2/15 HPs)
             Began as a Naga Summoner on Mar 8, 2024.
             Frozen to death by an endoplasm (5 damage)
             ... on level 1 of the Dungeon.
             The game lasted 00:00:15 (102 turns).

spaghetti the Caller (Naga Summoner)                 Turns: 102, Time: 00:00:15

Health: -2/15      AC:  1    Str: 10    XL:     1   Next: 30%
Magic:  1/3        EV:  9    Int: 15    God:
Gold:   0          SH:  0    Dex: 11    Spells: 3/4 levels left

rFire   . . .        (no weapon)
rCold   . . .        (no shield)
rNeg    . . .        a - +0 robe
rPois   +            (no helmet)
rElec   .            (no cloak)
rCorr   .            (no gloves)
SInv    +            (no barding)
Will    .....        (no amulet)
Stlth   ++           (no ring)
HPRegen 0.22/turn    (no ring)
MPRegen 0.08/turn

%: no passive effects
@: very slow
A: AC +0, large, see invisible, deformed body, poison resistance, slowness 2,
spit poison 1, naga tail 1
a: Spit Poison


You were on level 1 of the Dungeon.
You visited 1 branch of the dungeon, and saw 1 of its levels.

Inventory:

Armour
 a - a +0 robe (worn)
Potions
 b - a potion of magic


   Skills:
 - Level 1.5 Dodging
 - Level 3.0 Stealth
 + Level 2.0 Spellcasting
 + Level 4.0 Summonings


You had 3 spell levels left.
You knew the following spells:

 Your Spells              Type           Power      Damage    Failure   Level
a - Summon Small Mammal   Summ           52%        N/A       4%          1

Your spell library contained the following spells:

 Spells                   Type           Power      Damage    Failure   Level
 Call Imp                 Summ           26%        N/A       6%          2
 Call Canine Familiar     Summ           13%        N/A       13%         3
 Summon Blazeheart Golem  Fire/Summ      7%         N/A       67%         4
 Summon Lightning Spire   Summ/Air       7%         N/A       67%         4


Dungeon Overview and Level Annotations

Branches:
Dungeon (1/15)

Altars:


Innate Abilities, Weirdness & Mutations

Your serpentine skin is tough. (AC +0)
You have supernaturally acute eyesight. (SInv)
Armour fits poorly on your strangely shaped body.
Your system is resistant to poisons. (rPois)
You cover ground very slowly.
You can spit poison.
You have a snake-like lower body.


Message History

You are too injured to fight recklessly!
You are too injured to fight recklessly!
You hit the rat.
The rat is severely wounded.
The giant cockroach bites your rat.
Your rat bites the giant cockroach but does no damage.
The rat bites you. The endoplasm hits your rat.
Your rat dies!
Your rat's corpse disappears in a puff of smoke!
You barely miss the rat.
The rat is moderately wounded.
Your rat bites the giant cockroach but does no damage.
The giant cockroach barely misses you. The endoplasm hits your rat.
The rat bites you.
You hit the giant cockroach.
The giant cockroach is severely wounded.
Your rat misses the giant cockroach. The giant cockroach bites you.
The rat completely misses you. The endoplasm hits your rat.
Your rat dies!
Your rat's corpse disappears in a puff of smoke!
Casting: Summon Small Mammal (safe; 4% risk of failure)
Confirm with . or Enter, or press ? or * to list all spells.
The giant cockroach bites you. The rat barely misses you.
You closely miss the giant cockroach.
The giant cockroach is severely wounded.
The giant cockroach bites you but does no damage.
The rat barely misses you. The endoplasm freezes you.
You are frozen.
* * * LOW HITPOINT WARNING * * *
The giant cockroach attacks as it pursues you!
The giant cockroach closely misses you.
Your rat barely misses the rat.
The giant cockroach bites you but does no damage.
The giant cockroach attacks as it pursues you!
The giant cockroach closely misses you. The giant cockroach barely misses you.
The endoplasm attacks as it pursues you!
The endoplasm hits you but does no damage.
The endoplasm freezes you.
You are frozen.
You die...

#...#..#### #.#..... #<.#
#.#....###''###
#.#...##......#
#.#...##.≈≈§≈.#
########.#...##§§≈≈≈.#
.........#>..##......#
.........#@######''### .
........BJ.....##..# ...
........##......#''#.....
......(r.r...#.......#
.............#†#######
.............#†#
.####..).......#
#........### #........#


You could see an endoplasm, a giant cockroach (ally target) and a friendly rat
(summoned).

Vanquished Creatures
  A bat (D:1)
1 creature vanquished.

Vanquished Creatures (collateral kills)
  A quokka (D:1)
1 creature vanquished.

Grand Total: 2 creatures vanquished

Notes
Turn   | Place    | Note
-------+----------+-------------------------------------------
     0 | D:1      | spaghetti the Naga Summoner began the quest for the Orb.
     0 | D:1      | Reached XP level 1. HP: 15/15 MP: 3/3
   102 | D:1      | Frozen to death by an endoplasm

Illustrated notes

Levels and vault maps discovered:
D:1:      lightli_arrival_lavapool, layout_basic

Action                     || total
---------------------------++-------
  Melee: Unarmed           ||    13
   Cast: Summon Small Mamm ||     4
Ability: Spit Poison       ||     1
 Armour: Robe              ||    14
  Dodge: Dodged            ||    16
